AoeStats
← madmoldo-

Arena

508303794Analyzed
4v4 RM · 12d ago on Sep 21, 2026· 77m 56s· 8 players
Game mode
Random Map
Map size
Large (8 player)
Population
200
Speed
Normal
Resources
Standard
Victory
Conquest
Starting age
Dark Age
Ending age
Imperial Age
RankedLock teamsTeams togetherTeam positionsShared explorationLock speedFull tech treeHidden civsTurbo modeCheats
Victory
Defeat
🇮🇹 Huns · Italy
670
+16
🇩🇪 Romans · Germany
668
+17
🇮🇹 Khmer · Italy
639
+18
🇪🇸 Hindustanis · Spain
627
+18
🇲🇩 Magyars · Moldova
815
-23
🇲🇩 Shu · Moldova
677
-17
🇲🇩 Italians · Moldova
624
-15
🇲🇩 Huns · Moldova
597
-14
GolTecnic
5:39 Loom
11:18 Feudal Age
11:46 Double-Bit Axe
12:39 Wheelbarrow
11:48 Horse Collar
12:04 Stone Mining
12:20 Gold Mining
21:08 Castle Age
19:01 Town Watch
20:03 Arson
20:46 Scale Mail Armor
22:07 Bow Saw
22:05 Heavy Plow
22:28 Hand Cart
24:13 Chain Mail Armor
25:31 Squires
25:58 Pikeman
27:39 Marauders
28:49 Husbandry
29:01 Bloodlines
29:17 Scale Barding Armor
31:05 Chain Barding Armor
34:12 Imperial Age
33:10 Fletching
35:41 Town Patrol
36:15 Conscription
35:16 Elite Tarkan
36:36 Plate Barding Armor
37:14 Two-Man Saw
38:39 Gold Shaft Mining
38:26 Bodkin Arrow
38:02 Halberdier
40:54 Caravan
41:25 Coinage
41:05 Guilds
44:50 Banking
49:05 Ballistics
49:46 Chemistry
48:59 Masonry
53:02 Forging
52:53 Padded Archer Armor
52:54 Bracer
53:40 Thumb Ring
54:02 Parthian Tactics
52:58 Heavy Cavalry Archer
53:02 Elite Skirmisher
54:26 Iron Casting
56:10 Leather Archer Armor
xMasterCheF90x
11:00 Feudal Age
12:29 Wheelbarrow
11:58 Horse Collar
12:08 Double-Bit Axe
13:18 Gold Mining
13:20 Stone Mining
20:44 Castle Age
21:59 Hand Cart
22:35 Heavy Plow
22:49 Bow Saw
23:18 Gold Shaft Mining
29:33 Imperial Age
29:45 Heavy Scorpion
31:13 Ballistas
32:23 Chemistry
35:03 Ballistics
50:03 Siege Engineers
65:01 Capped Ram
66:15 Murder Holes
puniscer
1:04 Loom
12:01 Feudal Age
13:36 Double-Bit Axe
14:33 Wheelbarrow
14:29 Horse Collar
22:03 Scale Barding Armor
22:08 Forging
23:52 Bloodlines
23:44 Fletching
24:07 Padded Archer Armor
24:22 Town Watch
24:34 Gold Mining
24:41 Stone Mining
28:09 Castle Age
29:42 Hand Cart
30:21 Bow Saw
30:17 Heavy Plow
33:58 Iron Casting
33:43 Chain Barding Armor
33:25 Scale Mail Armor
33:37 Herbal Medicine
35:10 Gold Shaft Mining
37:04 Fortified Wall
39:38 Imperial Age
38:05 Stone Shaft Mining
38:20 Chain Barding Armor
38:26 Ballistics
41:22 Crop Rotation
42:03 Chemistry
41:15 Masonry
41:54 Plate Barding Armor
42:20 Blast Furnace
41:47 Husbandry
42:12 Conscription
43:13 Parthian Tactics
43:29 Murder Holes
45:29 Caravan
46:01 Coinage
46:37 Siege Engineers
48:48 Double Crossbow
48:11 Elite Ballista Elephant
57:06 Light Cavalry
59:26 Hussar
61:22 Banking
63:50 Hoardings
pablo.robledoo
12:38 Feudal Age
11:34 Loom
13:35 Double-Bit Axe
19:48 Castle Age
19:07 Horse Collar
20:00 Stone Mining
20:03 Gold Mining
20:41 Bow Saw
20:34 Heavy Plow
22:02 Wheelbarrow
24:39 Caravan
25:38 Gold Shaft Mining
25:41 Stone Shaft Mining
26:36 Hand Cart
26:54 Town Watch
33:22 Imperial Age
35:42 Conscription
37:51 Bloodlines
37:41 Husbandry
39:22 Chemistry
38:34 Fortified Wall
38:20 Murder Holes
38:32 Siege Engineers
38:38 Masonry
38:45 Forging
38:35 Scale Mail Armor
38:41 Scale Barding Armor
38:26 Fletching
38:36 Padded Archer Armor
38:49 Grand Trunk Road
39:25 Hoardings
40:43 Coinage
41:37 Two-Man Saw
40:30 Heavy Camel Rider
40:30 Light Cavalry
41:48 Iron Casting
41:28 Chain Mail Armor
41:33 Chain Barding Armor
41:37 Ballistics
40:52 Elite Ghulam
41:50 Thumb Ring
41:06 Elite Skirmisher
43:31 Banking
42:28 Imperial Camel Rider
42:28 Hussar
43:54 Town Patrol
45:13 Bodkin Arrow
45:33 Leather Archer Armor
46:18 Blast Furnace
45:54 Plate Barding Armor
46:46 Bracer
47:06 Hussar
47:19 Siege Elephant
49:33 Ring Archer Armor
51:32 Crossbowman
57:25 Shatagni
appdata
11:42 Feudal Age
13:01 Double-Bit Axe
14:08 Horse Collar
18:38 Castle Age
17:05 Fletching
17:16 Padded Archer Armor
20:28 Heavy Plow
22:17 Bow Saw
27:05 Bodkin Arrow
27:25 Leather Archer Armor
27:51 Crossbowman
28:37 Thumb Ring
30:56 Ballistics
32:26 Squires
32:11 Arson
32:46 Forging
32:36 Scale Mail Armor
36:00 Imperial Age
36:42 Bolt Magazine
37:28 Conscription
39:05 Hoardings
38:41 Bracer
39:12 Ring Archer Armor
38:59 Chain Mail Armor
38:11 Arbalester
40:42 Two-Man Saw
43:50 Plate Mail Armor
42:43 Man-at-Arms
43:09 Gambesons
45:15 Gold Mining
45:17 Stone Mining
49:36 Gold Shaft Mining
54:33 Long Swordsman
55:24 Two-Handed Swordsman
59:53 Chemistry
59:02 Siege Engineers
67:07 Stone Mining
67:10 Pikeman
69:42 Heavy Hei Guang Cavalry
70:25 Husbandry
70:37 Scale Barding Armor
70:11 Light Cavalry
76:22 Scale Barding Armor
no gamble no future
10:42 Feudal Age
11:22 Double-Bit Axe
13:01 Horse Collar
20:06 Castle Age
18:11 Stone Mining
19:47 Gold Mining
22:10 Scale Barding Armor
22:08 Padded Archer Armor
21:58 Fletching
22:49 Wheelbarrow
22:42 Caravan
22:59 Town Watch
23:58 Gold Shaft Mining
23:37 Bow Saw
23:31 Heavy Plow
24:41 Hand Cart
24:12 Town Watch
25:34 Chain Barding Armor
32:23 Imperial Age
33:04 Leather Archer Armor
32:45 Bodkin Arrow
34:11 Conscription
33:14 Elite Magyar Huszar
34:00 Corvinian Army
35:17 Plate Barding Armor
34:44 Bracer
35:15 Ring Archer Armor
42:39 Treadmill Crane
43:11 Masonry
44:10 Chemistry
43:41 Ballistics
43:25 Murder Holes
44:24 Block Printing
44:20 Fervor
44:46 Guard Tower
45:34 Crop Rotation
46:24 Two-Man Saw
53:37 Theocracy
53:28 Illumination
59:30 Siege Engineers
63:08 Sanctity
65:29 Onager
madmoldo-
11:02 Feudal Age
11:24 Horse Collar
11:31 Double-Bit Axe
13:29 Wheelbarrow
18:03 Gold Mining
18:21 Scale Barding Armor
18:18 Padded Archer Armor
18:09 Fletching
18:49 Stone Mining
23:03 Forging
22:56 Scale Mail Armor
23:15 Bloodlines
22:56 Arson
27:15 Castle Age
27:56 Heavy Plow
28:02 Caravan
28:41 Gold Shaft Mining
28:19 Bow Saw
29:14 Hand Cart
28:34 Crossbowman
29:34 Leather Archer Armor
30:44 Bodkin Arrow
31:22 Squires
32:12 Husbandry
33:00 Chain Barding Armor
33:16 Iron Casting
35:47 Chain Mail Armor
39:08 Imperial Age
38:31 Thumb Ring
39:46 Loom
40:38 Plate Barding Armor
40:52 Conscription
42:52 Chemistry
42:13 Ballistics
43:09 Town Watch
45:54 Bracer
46:55 Blast Furnace
46:17 Masonry
46:09 Murder Holes
46:47 Parthian Tactics
46:23 Heavy Cavalry Archer
46:27 Elite Skirmisher
48:21 Coinage
48:22 Guilds
48:40 Elite Tarkan
48:53 Light Cavalry
49:06 Pikeman
49:08 Man-at-Arms
53:51 Town Patrol
72:36 Hussar
valentindumitrasko
11:35 Feudal Age
15:21 Wheelbarrow
14:42 Double-Bit Axe
14:42 Horse Collar
17:13 Castle Age
16:00 Stone Mining
17:56 Gold Mining
22:52 Stone Shaft Mining
22:22 Heavy Plow
28:25 Hand Cart
27:57 Loom
29:42 Ballistics
29:05 Treadmill Crane
29:24 Murder Holes
29:25 Fletching
29:36 Padded Archer Armor
30:02 Bow Saw
35:40 Imperial Age
33:03 Town Watch
34:07 Silk Road
35:31 Fortified Wall
35:32 Masonry
35:23 Bodkin Arrow
35:44 Leather Archer Armor
35:41 Forging
35:36 Squires
35:23 Arson
34:59 Pikeman
37:22 Two-Man Saw
36:57 Crop Rotation
36:31 Town Patrol
37:34 Chemistry
36:20 Arrowslits
37:01 Conscription
37:01 Pirotechnia
37:44 Hoardings
38:00 Guilds
37:55 Caravan
38:32 Thumb Ring
38:17 Elite Skirmisher
40:41 Architecture
40:47 Ring Archer Armor
40:27 Scale Barding Armor
40:23 Scale Mail Armor
41:07 Husbandry
41:18 Bloodlines
40:28 Cavalier
40:36 Elite Genoese Crossbowman
42:24 Bracer
48:27 Chain Barding Armor
48:43 Iron Casting
Connection lost

Rejoining the realm…

Still unreachable

The connection could not be restored.

Session expired

The server has moved on; the page needs a fresh start.